Map: Lost and Found LE

Players

Denver

  • Race: Zerg Zerg
  • League: Master
  • Spawn Location: 7:00

Zanster - Winner!

  • Race: Zerg Zerg
  • Spawn Location: 1:00

Event: HomeStory Cup XVIII

VOD

Have the link to the VOD?

Description

Time

  • Played on: Nov. 22, 2018, 1:40 p.m.
  • Length: 18:16

All games in this series

Show
View Real Time Build Order
Export as new Build Order

Denver Zerg 

Build Orders: Pool First 

Get SALT Encoding   

  12  0:01  Drone  
  13  0:13  Overlord  
  13  0:17  Drone  
  14  0:31  Drone  
  14  0:32  Drone  
  16  0:41  Spawning Pool  
  15  0:44  Drone  
  16  0:50  Drone  
  17  1:10  Hatchery  
  16  1:13  Drone  
  17  1:29  Zergling x6  
  17  1:32  Queen  
  20  1:38  Extractor  
  21  1:41  Overlord  
  21  1:51  Drone  
  22  2:03  Drone  
  22  2:08  Queen  
  23  2:12  Drone  
  26  2:21  Queen  
  26  2:22  Drone  
  29  2:26  Drone  
  30  2:36  Drone  
  31  2:39  Drone, Metabolic Boost  
  29  2:44  Drone  
  29  2:45  Drone x3  
  33  2:52  Overlord  
  33  2:55  Drone  
  34  3:01  Baneling Nest  
  33  3:07  Evolution Chamber  
  33  3:09  Zergling x4  
  34  3:13  Zergling x2  
  34  3:18  Zergling x6  
  34  3:19  Zergling x2  
  39  3:25  Zergling x2  
  39  3:26  Zergling x2  
  41  3:34  Roach Warren  
  41  3:36  Drone  
  41  3:37  Drone  
  43  3:43  Overlord  
  43  3:49  Hatchery  
  43  3:55  Drone  
  43  3:59  Overlord  
  43  4:03  Drone x2  
  43  4:04  Baneling  
  43  4:07  Drone x2  
  46  4:11  Zerg Missile Weapons Level 1, Drone  
  46  4:12  Drone  
  48  4:17  Drone x2  
  48  4:20  Drone  
  48  4:21  Extractor  
  49  4:24  Drone x2  
  49  4:29  Drone x2  
  49  4:30  Drone  
  54  4:35  Roach Warren  
  54  4:37  Baneling  
  54  4:38  Drone  
  54  4:41  Drone x2  
  54  4:44  Drone  
  57  4:48  Overlord  
  57  4:51  Extractor  
  56  4:55  Overlord  
  54  5:02  Overlord  
  54  5:17  Roach x10  
  74  5:21  Baneling  
  74  5:22  Overlord  
  74  5:26  Zergling x8  
  78  5:33  Roach x3  
  84  5:39  Zergling x6  
  87  5:44  Zergling x2  
  87  5:45  Zergling x6  
  89  5:53  Zergling x2  
  89  5:54  Zergling x2  
  87  6:01  Lair  
  87  6:04  Zergling x12  
  91  6:07  Baneling x4  
  92  6:13  Drone x3  
  92  6:14  Drone  
  87  6:28  Zergling x14  
  87  6:31  Zergling x2  
  87  6:32  Zergling x2  
  87  6:39  Zergling x8  
  82  6:46  Drone  
  82  6:47  Drone  
  73  6:54  Drone x6  
  73  6:57  Glial Reconstitution  
  78  7:01  Roach x2  
  78  7:05  Roach x2  
  76  7:09  Roach  
  76  7:10  Roach  
  76  7:14  Zerg Missile Weapons Level 2  
  78  7:19  Roach x2  
  84  7:23  Roach  
  84  7:24  Overlord  
  84  7:28  Roach x2  
  85  7:31  Overlord  
  85  7:34  Queen  
  85  7:36  Roach  
  84  7:41  Drone x2, Spore Crawler  
  84  7:44  Roach  
  84  7:46  Roach  
  84  7:47  Drone  
  84  7:48  Drone  
  88  7:52  Roach  
  88  7:53  Roach  
  88  7:56  Spore Crawler  
  88  7:57  Spore Crawler  
  90  8:03  Drone x4  
  90  8:04  Drone  
  95  8:09  Roach x2  
  99  8:15  Overlord  
  99  8:20  Overlord  
  99  8:21  Overlord  
  99  8:24  Overlord  
  99  8:26  Overlord  
  99  8:28  Overlord  
  99  8:30  Overlord  
  99  8:31  Tunneling Claws, Burrow  
  99  8:37  Overseer  
  99  8:38  Overlord x2  
  99  8:43  Roach x2  
  99  8:47  Roach x2  
  107  8:51  Roach x3  
  113  8:57  Extractor, Hydralisk Den  
  113  8:58  Drone x3  
  113  8:59  Drone  
  115  9:10  Extractor  
  115  9:13  Spore Crawler  
  115  9:15  Spore Crawler  
  115  9:16  Drone x4  
  115  9:17  Drone x3  
  119  9:31  Roach x7  
  131  9:43  Roach x6  
  131  9:45  Zerg Ground Armor Level 1  
  137  9:50  Roach x7  
  137  9:52  Roach x4  
  141  9:53  Roach x3  
  141  9:56  Roach x3  
  141  9:59  Roach x7  
  141  10:05  Roach x3  
  141  10:06  Ravager x2  
  149  10:07  Ravager  
  149  10:09  Hatchery  
  149  10:17  Overlord  
  149  10:23  Hydralisk x3  
  137  10:30  Extractor  
  137  10:33  Extractor  
  133  10:36  Drone x3, Hydralisk  
  133  10:37  Hydralisk x2  
  133  10:41  Roach x8  
  142  10:45  Grooved Spines  
  136  10:51  Roach x5  
  136  10:52  Hydralisk, Roach x3  
  138  11:02  Roach x7  
  138  11:03  Overlord  
  150  11:09  Roach x4  
  154  11:11  Overlord  
  154  11:15  Overlord x2  
  154  11:16  Roach x4  
  162  11:20  Overlord  
  156  11:26  Hydralisk x3  
  156  11:32  Roach x3  
  168  11:38  Roach x3  
  170  11:41  Overlord  
  170  11:44  Roach x2  
  170  11:46  Extractor  
  168  11:48  Extractor, Hydralisk  
  168  11:49  Hydralisk  
  168  11:54  Roach  
  173  12:04  Queen  
  173  12:08  Roach x2  
  173  12:09  Roach x6  
  173  12:12  Roach x2  
  173  12:13  Roach  
  187  12:17  Hydralisk x12  
  187  12:19  Roach  
  187  12:20  Roach x5  
  187  12:21  Roach x30  
  199  12:25  Overlord  
  197  12:39  Roach x3  
  187  12:45  Roach x7  
  191  12:51  Hydralisk  
  189  13:01  Extractor  
  189  13:03  Roach x3  
  194  13:08  Hatchery  
  194  13:09  Roach x3  
  189  13:28  Roach x5  
  189  13:32  Roach  
  189  13:33  Roach x3  
  197  13:40  Overseer  
  197  13:43  Zerg Ground Armor Level 2  
  197  13:47  Roach  
  197  13:48  Overlord x2  
  197  13:49  Hydralisk Den, Spore Crawler  
  197  13:51  Overlord  
  197  13:54  Roach x12  
  195  14:00  Roach x31  
  190  14:12  Roach Warren  
  190  14:14  Roach x10  
  184  14:31  Muscular Augments  
  184  14:35  Infestation Pit  
  155  14:53  Hydralisk x5  
  155  14:54  Roach  
  155  14:55  Roach x9  
  155  14:57  Lurker Den  
  184  15:01  Overseer x3, Ravager  
  181  15:15  Ravager  
  181  15:16  Ravager x3  
  181  15:19  Drone x10  
  195  15:23  Pneumatized Carapace  
  176  15:37  Roach  
  176  15:38  Roach x8  
  176  15:41  Roach x19  
  180  15:48  Roach x3  
  180  15:49  Queen  
  170  15:55  Roach x3  
  170  15:56  Overseer  
  174  16:05  Roach x5  
  166  16:13  Roach x3  
  162  16:20  Roach x3  
  162  16:25  Queen  
  161  16:29  Drone x4  
  165  16:36  Roach x22  
  163  16:42  Roach x2  
  163  16:43  Roach x4  
  175  16:51  Roach  
  175  16:52  Roach  
  179  16:54  Roach x3  
  178  17:08  Roach x6  
  169  17:18  Roach x4  
  170  17:28  Roach x4  
  151  17:39  Hydralisk x3  
  157  17:48  Ravager x4  
  157  17:49  Ravager  
  157  17:51  Roach x3  
  166  17:53  Overseer  
Show
View Real Time Build Order
Export as new Build Order

Zanster Zerg - Winner!

Build Orders: Hatch First, Lurkers 

Get SALT Encoding   

  12  0:01  Drone  
  13  0:12  Overlord  
  13  0:16  Drone  
  14  0:30  Drone x2  
  16  0:48  Hatchery  
  15  0:51  Drone  
  15  0:54  Drone  
  17  0:58  Drone  
  18  1:08  Extractor  
  17  1:14  Spawning Pool  
  17  1:16  Drone  
  17  1:19  Drone  
  18  1:28  Drone  
  19  1:39  Drone  
  20  1:50  Drone  
  21  1:59  Overlord  
  21  2:00  Queen x2  
  25  2:03  Zergling x2  
  26  2:08  Metabolic Boost  
  26  2:10  Drone  
  26  2:15  Zergling x2  
  28  2:22  Zergling x2  
  29  2:24  Drone  
  29  2:40  Drone  
  29  2:41  Drone  
  29  2:44  Queen  
  29  2:47  Drone, Baneling Nest  
  29  2:48  Drone  
  32  2:54  Overlord  
  32  2:56  Zergling x2  
  33  3:05  Drone  
  34  3:06  Drone  
  35  3:16  Zergling x2  
  35  3:18  Drone x3  
  39  3:20  Queen  
  39  3:26  Overlord  
  41  3:27  Drone  
  41  3:42  Baneling Nest  
  41  3:45  Evolution Chamber, Roach Warren  
  38  3:48  Evolution Chamber  
  38  3:51  Zergling x2  
  38  3:52  Zergling x10  
  38  3:55  Zergling x4  
  45  4:02  Drone x3  
  48  4:06  Drone  
  49  4:11  Overlord  
  50  4:18  Zerg Missile Weapons Level 1, Drone  
  52  4:27  Lair  
  52  4:28  Drone  
  52  4:29  Drone x5  
  52  4:32  Drone  
  52  4:34  Evolution Chamber  
  52  4:35  Extractor  
  52  4:36  Extractor  
  52  4:37  Extractor, Drone  
  50  4:40  Drone  
  51  4:46  Overlord  
  51  4:50  Drone  
  53  5:00  Roach x3  
  53  5:02  Overlord  
  59  5:08  Hatchery  
  59  5:10  Roach  
  59  5:12  Drone x3  
  63  5:15  Overlord x2  
  63  5:26  Glial Reconstitution  
  63  5:28  Spire  
  63  5:33  Roach x3  
  63  5:34  Roach  
  70  5:40  Drone  
  70  5:41  Drone x2  
  73  5:44  Roach  
  73  5:45  Roach  
  76  5:53  Overlord  
  75  5:58  Roach x3  
  75  5:59  Overlord  
  79  6:06  Roach  
  79  6:10  Roach x3  
  79  6:11  Roach  
  89  6:23  Roach x4  
  89  6:29  Roach x2  
  87  6:36  Roach x3  
  87  6:37  Queen  
  81  6:44  Roach x3  
  81  6:47  Mutalisk  
  81  6:49  Mutalisk  
  79  6:55  Mutalisk  
  79  6:58  Drone x3  
  79  6:59  Drone  
  85  7:01  Drone  
  86  7:13  Mutalisk x2  
  86  7:14  Queen  
  92  7:16  Drone x2  
  92  7:20  Drone  
  92  7:21  Drone  
  92  7:22  Drone  
  97  7:25  Extractor, Drone  
  97  7:28  Extractor  
  88  7:37  Roach x5  
  88  7:43  Zerg Missile Weapons Level 2  
  94  7:44  Overlord  
  94  7:49  Mutalisk  
  96  7:51  Drone  
  96  7:52  Drone x4  
  96  7:58  Drone  
  102  8:04  Drone x2  
  102  8:05  Queen  
  104  8:08  Overlord  
  106  8:21  Mutalisk x4  
  106  8:24  Mutalisk x2  
  114  8:29  Roach x3  
  120  8:35  Overlord  
  120  8:37  Hatchery  
  120  8:39  Overseer  
  119  8:43  Roach  
  119  8:44  Roach x3  
  119  8:47  Roach  
  129  8:49  Overlord  
  129  8:53  Overlord x2  
  129  8:56  Roach  
  131  9:04  Roach  
  131  9:05  Roach x2  
  131  9:07  Overlord  
  131  9:08  Roach  
  131  9:09  Roach x3  
  145  9:10  Ravager  
  145  9:11  Ravager x2  
  145  9:12  Ravager  
  145  9:14  Roach  
  145  9:15  Roach  
  153  9:18  Overlord  
  145  9:31  Roach  
  145  9:32  Roach x6  
  157  9:44  Roach x7  
  167  9:51  Overseer  
  165  9:53  Overseer x2  
  165  9:55  Roach x3  
  165  9:57  Pneumatized Carapace  
  165  9:58  Hatchery  
  170  10:06  Roach x3  
  168  10:21  Drone x4  
  165  10:29  Roach x4  
  165  10:30  Roach x2  
  165  10:31  Overseer x2, Overlord  
  165  10:33  Overlord  
  177  10:40  Overlord x2  
  177  10:45  Overlord  
  177  10:49  Ravager x3  
  180  10:51  Drone  
  180  10:52  Infestation Pit, Drone x2  
  180  10:53  Hydralisk Den  
  181  11:04  Roach  
  181  11:05  Roach x5  
  181  11:08  Drone  
  181  11:09  Drone  
  181  11:10  Drone x3  
  198  11:12  Drone  
  198  11:13  Drone  
  200  11:24  Muscular Augments  
  200  11:26  Lurker Den  
  199  11:46  Drone x2  
  199  11:47  Drone  
  198  11:50  Extractor, Hive  
  197  11:59  Tunneling Claws, Burrow  
  197  12:00  Zerg Ground Armor Level 1  
  197  12:01  Overlord  
  197  12:02  Overlord  
  193  12:15  Drone x5  
  195  12:20  Hydralisk x5  
  198  12:30  Hydralisk  
  198  12:41  Hydralisk x7  
  193  12:47  Hydralisk x7  
  189  12:54  Extractor  
  188  13:01  Drone  
  189  13:11  Lurker  
  189  13:12  Lurker x2  
  192  13:13  Roach x4  
  183  13:29  Roach x9  
  195  13:46  Lurker x2  
  195  13:47  Hatchery  
  196  14:06  Zerg Missile Weapons Level 3  
  194  14:19  Roach x3  
  200  14:36  Hatchery  
  199  14:53  Grooved Spines  
  199  15:10  Adaptive Talons  
  195  15:17  Hydralisk x2  
  186  15:38  Hydralisk x4  
  186  15:39  Hydralisk x4  
  190  15:49  Roach  
  187  15:50  Drone, Roach x11  
  187  16:10  Roach  
  187  16:11  Roach x12  
  195  16:15  Ravager x2  
  183  16:22  Roach  
  183  16:23  Roach x2  
  183  16:24  Lurker x4  
  188  16:36  Drone x2  
  188  16:38  Drone x4  
  192  16:49  Hydralisk x4  
  187  17:16  Hydralisk x7  
  199  17:28  Hatchery  
  191  17:40  Hydralisk x4  
  199  17:44  Lurker  
Tags
 
Add a new tag
Caveats
  • Supply blocks, unpowered buildings, or Contaminate may cause inaccurate times.
  • Supply counts are checked every 10 seconds.